 Dungeon Crawl Stone Soup version 0.24.1-4-ge52af88ad5 (webtiles) character file.

Game seed: 6991652576394915999, levelgen mode: deterministic

8449 Kagerus the Fighter (level 11, -6/77 HPs)
             Began as an Octopode Wizard on Apr 15, 2020.
             Was a Priest of Sif Muna.
             Mangled by a sphinx (14 damage)
             ... while paralysed by a sphinx
             ... on level 10 of the Dungeon on Apr 18, 2020.
             The game lasted 01:50:58 (20276 turns).

Kagerus the Fighter (Octopode Wizard)              Turns: 20276, Time: 01:50:59

Health: -6/77      AC:  3    Str:  7    XL:     11   Next: 31%
Magic:  16/22      EV:  2    Int: 22    God:    Sif Muna [***...]
Gold:   415        SH:  0    Dex: 12    Spells: 6/25 levels left

rFire    . . .     SeeInvis +   r - +2 dagger (speed)
rCold    . . .     Gourm    .   (no shield)
rNeg     . . .     Faith    +   a - +2 hat
rPois    .         Spirit   .   y - amulet of faith
rElec    .         Reflect  .   h - ring of fire
rCorr    .         Harm     .   s - ring of stealth
MR       +....                  C - ring of protection from magic
Stlth    ++++......             H - ring of see invisible
HPRegen  0.22/turn              G - ring of ice
MPRegen  0.18/turn              M - +6 ring of slaying
                                (no ring)
                                (no ring)

@: paralysed
A: almost no armour, stealthy swim, amphibious, 8 rings, constrict 8, camouflage
1, gelatinous body 1
a: Channel Magic, Forget Spell, Renounce Religion


You were on level 10 of the Dungeon.
You worshipped Sif Muna.
Sif Muna was most pleased with you.
You were not hungry.

You visited 2 branches of the dungeon, and saw 11 of its levels.

You collected 655 gold pieces.
You spent 240 gold pieces at shops.

Inventory:

Hand Weapons
 n - the +4 hunting sling of Ylant {freeze, MR+ Int+5}
   (You found it on level 4 of the Dungeon)

   It causes projectiles fired from it to freeze those they strike, causing
   extra injury to most foes and up to half again as much damage against
   particularly susceptible opponents.
   They can also slow down cold-blooded creatures.
   It affects your intelligence (+5).
   It affects your resistance to hostile enchantments.
 q - a +0 spear
 r - a +2 dagger of speed (weapon)
 z - a +3 hunting sling of velocity
 L - the +7 short sword of Konoph {drain, rF+}
   (You found it on level 10 of the Dungeon)

   A truly terrible weapon, it drains the life of those it strikes.
   It protects you from fire.
Missiles
 b - 347 stones
 e - 6 datura-tipped darts
 u - 19 poisoned darts (quivered)
 D - 5 javelins
 F - 3 atropa-tipped darts
 K - 20 sling bullets
Armour
 a - a +2 hat (worn)
 J - a +0 large shield
Jewellery
 h - a ring of fire (left tentacle)
 s - a ring of stealth (right tentacle)
 y - an amulet of faith (around mantle)
 C - a ring of protection from magic (on tentacle)
 G - a ring of ice (on tentacle)
 H - a ring of see invisible (on tentacle)
 M - a +6 ring of slaying (on tentacle)
Wands
 o - a wand of disintegration (32)
 t - a wand of acid (17)
 E - a wand of clouds (6)
Scrolls
 d - 4 scrolls of enchant armour
 f - a scroll of blinking
 i - 3 scrolls of remove curse
 v - 4 scrolls of enchant weapon
 I - a scroll of magic mapping
Potions
 g - a potion of agility
 j - 3 potions of might
 k - 2 potions of invisibility {unknown}
 l - 3 potions of degeneration {unknown}
 m - a potion of mutation {unknown}
 p - 7 potions of curing {unknown}
 w - a potion of berserk rage {unknown}
 x - 2 potions of brilliance {unknown}
 A - 2 potions of heal wounds
 B - a potion of magic {unknown}
 P - a potion of resistance {unknown}
Comestibles
 c - 15 rations


   Skills:
 - Level 8.0 Fighting
 - Level 5.0 Throwing
 - Level 8.0 Dodging
 - Level 2.6 Stealth
 * Level 7.9 Spellcasting
 - Level 4.1 Conjurations
 - Level 3.3 Summonings
 - Level 3.3 Translocations
 - Level 3.1 Fire Magic
 + Level 3.6 Ice Magic
 - Level 4.9 Poison Magic


You had 6 spell levels left.
You knew the following spells:

 Your Spells              Type           Power        Failure   Level  Hunger
a - Magic Dart            Conj           ####         1%          1    None
b - Blink                 Tloc           N/A          3%          2    None
c - Conjure Flame         Conj/Fire      #####...     4%          3    None
d - Summon Ice Beast      Ice/Summ       #####...     19%         4    ###....
i - Throw Icicle          Conj/Ice       #####...     16%         4    ###....
m - Mephitic Cloud        Conj/Pois/Air  ###.....     6%          3    None
I - Call Imp              Summ           ###.....     3%          2    None

Your spell library contained the following spells:

 Spells                   Type           Power        Failure   Level  Hunger
 Freeze                   Ice            ####         1%          1    None
 Searing Ray              Conj           ####..       1%          2    None
 Throw Frost              Conj/Ice       #####.       2%          2    None
 Animate Skeleton         Necr           N/A          8%          1    None
 Pain                     Necr           #...         8%          1    None
 Dazzling Spray           Conj/Hex       ###...       10%         3    None
 Ozocubu's Armour         Chrm/Ice       ####....     11%         3    None
 Slow                     Hex            #.......     12%         2    None
 Iskenderun's Mystic Bla  Conj           ####....     14%         4    ###....
 Force Lance              Conj/Tloc      ####....     16%         4    ###....
 Regeneration             Chrm/Necr      #.........   22%         3    None
 Vampiric Draining        Necr           #.........   22%         3    None
 Fulminant Prism          Conj/Hex       ###.......   32%         4    ###....
 Animate Dead             Necr           N/A          58%         4    ###....


Dungeon Overview and Level Annotations

Branches:
Dungeon (10/15)            Temple (1/1) D:4            Lair (0/6) D:10
    Orc: D:9-12

Altars:
Ashenzari
Cheibriados
Dithmenos
Elyvilon
Fedhas
Gozag
Hepliaklqana
Kikubaaqudgha
Makhleb
Nemelex Xobeh
Okawaru
Qazlal
Ru
Sif Muna
Trog
Uskayaw
Vehumet
Wu Jian
Xom
Yredelemnul
Zin
The Shining One

Shops:
D:5 *   D:7 %   D:8 =

Annotations:
D:5 Menkaure


Innate Abilities, Weirdness & Mutations

You cannot wear most types of armour.
You are very stealthy in the water. (Stealth+)
You are amphibious.
You can wear up to eight rings at the same time.
You can use your tentacles to constrict eight enemies at once.
Your skin changes colour to match your surroundings (Stealth+).
Your rubbery body absorbs attacks. (AC +1, EV +1)


Message History

The deep troll earth mage gestures at the rock wall while chanting.
Some rock shatters into small pieces.
The sphinx mumbles some strange words.
You resist with some effort.
The sphinx mumbles some strange words.
You suddenly lose the ability to move!
The sphinx casts a spell.
Something smites you!
You hear a grinding noise.
The deep troll earth mage points next to the sphinx and mumbles some strange words.
Some rock shatters into small pieces.
The sphinx hits you! The sphinx hits you.
The sphinx hits you but does no damage.
The sphinx hits you! x2; The sphinx hits you.
* * * LOW HITPOINT WARNING * * *
The sphinx barely misses you. The sphinx hits you!
* * * LOW HITPOINT WARNING * * *
The sphinx hits you!
* * * LOW HITPOINT WARNING * * *
The sphinx hits you!
You die...

....#).'..'..#.## #.#
....##†######..# #.#
#...#..#.((.(..# #.#
#...#..#(.#(...# #.#
#...##'####'#..# #.#
#...#..'8.'.....###.#
##..#o.#.8#......##.#
#...#########..HT...#
#...............@...#
#....########...##..#
#.#### ######...# ..#
#.#..# ..# #.# .# .##
#.# # .# #.# .# #.#
.# ##.#


You could see a sphinx and a deep troll earth mage.

Vanquished Creatures
  Harold (D:10)
  A deep elf mage (D:10)
  Joseph (D:9)
  An elephant (D:10)
  2 trolls
  Prince Ribbit (D:6)
  2 hippogriffs
  A wyvern (D:10)
  4 yaks
  2 basilisks (D:10)
  Eustachio (D:5)
  Duvessa (D:5)
  A sky beast (D:4)
  3 ice beasts
  7 orc warriors
  2 necrophages
  A phantom (D:10)
  An eye of draining (D:6)
  A crocodile (D:8)
  3 centaurs
  8 bullfrogs
  A water moccasin zombie (D:9)
  4 scorpions
  A water moccasin skeleton (D:4)
  9 killer bees
  2 howler monkeys
  A jelly (D:7)
  3 crimson imps
  A centaur zombie (D:6)
  4 hounds
  3 quasits
  A bullfrog skeleton (D:4)
  5 orc priests
  12 orc wizards
  3 centaur skeletons
  5 iguanas
  4 worker ants
  A hound zombie (D:10)
  2 hound skeletons
  A worker ant zombie (D:9)
  A gnoll (D:2)
  4 adders
  2 howler monkey skeletons
  4 shadow imps
  An ooze (D:1)
  An adder zombie (D:6)
  4 worms
  A dart slug (D:2)
  3 leopard geckos
  50 orcs
  2 ball pythons
  5 bats
  7 giant cockroaches
  5 goblins
  11 hobgoblins
  18 jackals
  8 kobolds
  3 quokkas
  5 frilled lizards
  A jackal skeleton (D:5)
  A quokka zombie (D:6)
  9 rats
254 creatures vanquished.

Vanquished Creatures (collateral kills)
  A spriggan (D:7)
  A centaur (D:8)
  Dowan (D:5)
  A quasit (D:5)
  3 orc priests
  3 orc wizards (D:4)
  3 worker ants
  2 gnolls (D:2)
  A shadow imp (D:6)
  3 orcs
  A giant cockroach (D:3)
20 creatures vanquished.

Vanquished Creatures (others)
  An orc priest (D:6)
1 creature vanquished.

Grand Total: 275 creatures vanquished

Notes
Turn   | Place    | Note
-------+----------+-------------------------------------------
     0 | D:1      | Kagerus the Octopode Wizard began the quest for the Orb.
     0 | D:1      | Reached XP level 1. HP: 11/11 MP: 4/4
   606 | D:1      | Reached XP level 2. HP: 17/17 MP: 6/6
   714 | D:1      | Learned a level 2 spell: Call Imp
   717 | D:1      | Learned a level 2 spell: Blink
  1115 | D:1      | Reached XP level 3. HP: 18/21 MP: 0/7
  1863 | D:1      | Learned a level 3 spell: Conjure Flame
  2171 | D:2      | Reached XP level 4. HP: 27/27 MP: 1/9
  3528 | D:3      | Reached XP level 5. HP: 29/31 MP: 7/10
  4373 | D:4      | Reached XP level 6. HP: 21/36 MP: 4/12
  4921 | D:4      | Got a fine hunting sling
  5001 | D:4      | Reached skill level 1 in Fighting
  5302 | D:4      | HP: 1/39 [orc priest/divine providence (9)]
  5996 | D:4      | Learned a level 3 spell: Mephitic Cloud
  6078 | D:4      | Reached XP level 7. HP: 44/46 MP: 9/13
  6089 | D:4      | Found a staircase to the Ecumenical Temple.
  6097 | Temple   | Entered the Ecumenical Temple
  6374 | Temple   | Became a worshipper of Sif Muna the Loreminder
  6659 | D:5      | Entered Level 5 of the Dungeon
  6747 | D:5      | Noticed Menkaure
  6951 | D:5      | Found Heahuap's Elemental Accessories.
  6964 | D:5      | Noticed Eustachio
  7047 | D:5      | Killed Eustachio
  7526 | D:5      | Reached skill level 5 in Dodging
  7526 | D:5      | Reached XP level 8. HP: 54/54 MP: 1/14
  8429 | D:5      | Noticed Duvessa
  8441 | D:5      | Noticed Dowan
  8463 | D:5      | Killed Duvessa
  8822 | D:5      | Reached skill level 1 in Throwing
  8835 | D:4      | Identified the +4 hunting sling of Ylant {freeze, MR+
                  | Int+5} (You found it on level 4 of the Dungeon)
  8974 | D:5      | Found a sacrificial altar of Ru.
  9437 | D:5      | Killed Dowan
  9773 | D:6      | Noticed Prince Ribbit
  9956 | D:6      | Killed Prince Ribbit
  9992 | D:6      | Reached skill level 5 in Throwing
 10075 | D:6      | Reached * piety under Sif Muna
 10210 | D:5      | Reached skill level 1 in Poison Magic
 10254 | D:6      | Reached skill level 1 in Fire Magic
 10254 | D:6      | Reached XP level 9. HP: 54/58 MP: 5/15
 12978 | D:7      | Reached skill level 5 in Fighting
 13071 | D:7      | Found Mascha Rorr's Food Emporium.
 14757 | D:8      | Reached XP level 10. HP: 69/69 MP: 5/16
 14893 | D:8      | Reached ** piety under Sif Muna
 15191 | D:8      | Found Cajiu's Jewellery Shoppe.
 15194 | D:8      | Bought an uncursed ring of see invisible for 240 gold
                  | pieces
 16689 | D:9      | Noticed Joseph
 16718 | D:9      | Killed Joseph
 17470 | D:10     | Entered Level 10 of the Dungeon
 17497 | D:10     | Got a translucent short sword
 17502 | D:9      | Identified the +7 short sword of Konoph {drain, rF+} (You
                  | found it on level 10 of the Dungeon)
 17532 | D:10     | Reached skill level 5 in Spellcasting
 18115 | D:10     | Noticed Harold
 18531 | D:10     | Learned a level 4 spell: Throw Icicle
 18672 | D:10     | Reached *** piety under Sif Muna
 19202 | D:10     | Found a staircase to the Lair.
 19202 | D:10     | Noticed an elephant
 19211 | D:10     | Reached skill level 1 in Ice Magic
 19226 | D:10     | Killed an elephant
 19226 | D:10     | Reached XP level 11. HP: 77/77 MP: 7/21
 19306 | D:10     | Learned a level 4 spell: Summon Ice Beast
 19542 | D:10     | Killed Harold
 19699 | D:10     | Found a runed translucent door.
 20091 | D:10     | Noticed a deep elf mage
 20099 | D:10     | Killed a deep elf mage
 20116 | D:10     | Noticed an orc warlord
 20128 | D:10     | Noticed a deep troll earth mage
 20131 | D:10     | Noticed a sphinx
 20270 | D:10     | Paralysed by a sphinx for 7 turns
 20276 | D:10     | Mangled by a sphinx

Levels and vault maps discovered:
D:1:      onia_arrival_larder, layout_loops_cross
D:2:      layout_basic
D:3:      layout_basic
D:4:      layout_gridville, minmay_temple_entry_glassed_door,
          kennysheep_generic_room_8
D:5:      layout_layer_cave, lemuel_coloured_pillars_altar, first_ration,
          nicolae_elemental_shop, uniq_eustachio, uniq_menkaure, uniq_duvessa
D:6:      layout_gridville, uniq_prince_ribbit1
D:7:      layout_basic, serial_shops, nicolae_shop_window_shopping,
          hangedman_decor_peaks_small, minivault_22, the_bakery
D:8:      layout_loops_corners, serial_shops, kennysheep_mini
D:9:      layout_stronghold, uniq_joseph
D:10:     layout_cave_pods, david_lair_generic, minivault_13, uniq_harold
Temple:   regret_index_temple_sigil_plot

Skill      XL: |  1  2  3  4  5  6  7  8  9 10 11 |
---------------+----------------------------------+-----
Conjurations   | 2 3 4 |  4.1
Spellcasting   | 4 6 7 |  7.9
Summonings     | 2 3 |  3.3
Translocations | 2 3 |  3.3
Fighting       | 3 4 6 8 |  8.0
Dodging        | 5 6 8 |  8.0
Throwing       | 5 |  5.0
Poison Magic   | 1 4 |  4.9
Fire Magic     | 1 3 |  3.1
Ice Magic      | 1 3 |  3.6
Stealth        | |  2.6

Action                   |  1- 3 |  4- 6 |  7- 9 | 10-12 || total
-------------------------+-------+-------+-------+-------++-------
Melee: Unarmed           |    12 |       |       |       ||    12
       Constrict         |     9 |    17 |    31 |    41 ||    98
       Tentacles         |     5 |    10 |    20 |    50 ||    85
       Dagger            |    22 |    43 |   159 |   232 ||   456
       Spear             |       |    47 |    50 |    14 ||   111
 Fire: Hunting sling     |       |       |     4 |       ||     4
Throw: Dart              |       |     8 |    66 |   106 ||   180
       Javelin           |       |       |    22 |     5 ||    27
       Stone             |       |       |     8 |     1 ||     9
 Cast: Magic Dart        |    65 |   150 |   312 |   124 ||   651
       Call Imp          |     2 |    18 |    40 |     6 ||    66
       Conjure Flame     |       |     6 |    18 |    16 ||    40
       Blink             |       |     1 |    20 |    12 ||    33
       Mephitic Cloud    |       |       |    23 |    28 ||    51
       Throw Icicle      |       |       |       |     2 ||     2
       Summon Ice Beast  |       |       |       |     1 ||     1
  Use: Scroll            |     3 |     8 |     5 |     7 ||    23
       Potion            |       |     1 |       |       ||     1
 Stab: Sleeping          |     4 |       |     2 |     3 ||     9
       Confused          |       |       |     3 |     6 ||     9
       Distracted        |       |       |     1 |       ||     1
  Eat: Chunk             |     4 |    13 |    27 |    10 ||    54
       Ration            |       |       |     1 |     3 ||     4
Armor: Skin              |     4 |    12 |    21 |    15 ||    52
Dodge: Dodged            |    24 |    58 |   166 |   167 ||   415
